 Dungeon Crawl Stone Soup version 0.26-a0-639-g72c4674329 (webtiles) character file.

Game seed: 2849290485587801040

(classic levelgen) 26 EnegeticOcto the Shield-Bearer (level 2, 15/27 HPs)
             Began as a Deep Dwarf Fighter on Sept 28, 2020.
             Quit the game on level 2 of the Dungeon.
             The game lasted 00:00:12 (250 turns).

EnegeticOcto the Shield-Bearer (Deep Dwarf Fighter)  Turns: 250, Time: 00:00:12

Health: 15/27      AC:  6    Str: 19    XL:     2   Next: 89%
Magic:  2/2        EV:  7    Int:  8    God:
Gold:   7          SH:  9    Dex: 12    Spells: 1/1 levels left

rFire    . . .     SeeInvis .   a - +0 war axe
rCold    . . .     Faith    .   c - +0 kite shield
rNeg     . . .     Spirit   .   b - +0 scale mail
rPois    .         Reflect  .   (no helmet)
rElec    .         Harm     .   (no cloak)
rCorr    .         Rampage  .   (no gloves)
MR       .....                  (no boots)
Stlth    ..........             (no amulet)
HPRegen  0.00/turn              f - ring of attention (curse)
MPRegen  0.08/turn              (no ring)

@: non-regenerating
A: damage resistance, heal wounds, sense surroundings 1, no regeneration
a: Heal Wounds


You were on level 2 of the Dungeon.
You visited 1 branch of the dungeon, and saw 2 of its levels.

You collected 7 gold pieces.

Inventory:

Hand Weapons
 a - a +0 war axe (weapon)
Armour
 b - a +0 scale mail (worn)
 c - a +0 kite shield (worn)
Jewellery
 f - a cursed ring of attention (left hand)
Potions
 d - a potion of might {@q3}
 e - a potion of haste {unknown}


   Skills:
 + Level 2.9 Fighting
 * Level 3.0 Axes
 + Level 3.5 Armour
 + Level 3.5 Shields


You had one spell level left.
You didn't know any spells.
Your spell library was empty.

Dungeon Overview and Level Annotations

Branches:
Dungeon (2/15)

Altars:
Hepliaklqana


Innate Abilities, Weirdness & Mutations

You are resistant to damage.
You can heal yourself by infusing magical energy.
You passively map a small area around you.
You do not regenerate.


Message History

Found a runed scale mail.
Found a hazy altar of Hepliaklqana.
A rat is nearby!
A rat is nearby!
A rat is nearby!
A rat is nearby!
Found 9 stones.
You barely miss the rat. You block the rat's attack.
You barely miss the rat. The rat bites you but does no damage.
The rat barely misses you.
You hit the rat.
You kill the rat!
No target in view!
No target in view!
No target in view!
No target in view!
No target in view!
No target in view!
No target in view!
No target in view!
No target in view!
No target in view!
No target in view!
No target in view!
No target in view!
No target in view!
No target in view!
No target in view!
No target in view!
You see here 9 stones.
You open the door.
There is an open door here.
There is an open door here.
Found a stone staircase leading down.
There is a stone staircase leading down here.
A frilled lizard comes into view.
The frilled lizard hisses angrily.
A leopard gecko comes into view.
There are monsters nearby!
There are monsters nearby!
There are monsters nearby!
The leopard gecko hisses angrily.
A dart slug comes into view.
You closely miss the frilled lizard.
The frilled lizard bites you but does no damage.
The leopard gecko bites you but does no damage.
Your shield prevents you from hitting the leopard gecko.
You miss the frilled lizard. You block the frilled lizard's attack.
You block the leopard gecko's attack. You block the frilled lizard's attack.
The dart slug launches a dart at you. The slug dart hits you.
You block the leopard gecko's attack.
You completely miss the leopard gecko. You closely miss the frilled lizard.
You block the leopard gecko's attack. The frilled lizard closely misses you.
You closely miss the leopard gecko. You barely miss the frilled lizard.
You block the leopard gecko's attack. You block the frilled lizard's attack.
You block the leopard gecko's attack. The frilled lizard barely misses you.
You barely miss the leopard gecko. You miss the frilled lizard.
You block the leopard gecko's attack. The frilled lizard closely misses you.
The leopard gecko bites you but does no damage.
You hit the leopard gecko.
The leopard gecko is severely wounded.
Your shield and scale mail prevent you from hitting the frilled lizard.
The frilled lizard bites you but does no damage.
You block the leopard gecko's attack. The frilled lizard bites you.
You block the leopard gecko's attack.
You barely miss the leopard gecko.
The leopard gecko is severely wounded.
You closely miss the frilled lizard. The leopard gecko bites you.
The frilled lizard bites you but does no damage.
You block the leopard gecko's attack.
You hit the leopard gecko.
You kill the leopard gecko!
You slash the frilled lizard!
You kill the frilled lizard!
You hit the dart slug but do no damage. You block the dart slug's attack.
You hit the dart slug.
The dart slug is severely wounded.
You block the dart slug's attack.
You slash the dart slug!
You kill the dart slug!
No target in view!
No target in view!
A hobgoblin comes into view.
The hobgoblin shouts!
A hobgoblin is nearby!
A hobgoblin is nearby!
A hobgoblin is nearby!
The hobgoblin hits you but does no damage.
You hit the hobgoblin but do no damage. The hobgoblin barely misses you.
The hobgoblin hits you.
You slash the hobgoblin!
You kill the hobgoblin!
Your Axes skill increases to level 3!
No target in view!
No target in view!
No target in view!
No target in view!
No target in view!
No target in view!
No target in view!
Are you sure you want to abandon this character and quit the game? (Confirm with "yes".)

.# #..##.##............#
.# ##.##.##............#
.####..#.##............#
.†.......##............#
####+##..##............#
......#..##............#
......#..##............#
......#..##............#
......#..##.....@......#
......#.>###....†......#
......#..# #...........#
......#..# #...........#
......#.## #...........#
#######.# #############
........# .######## ##


There were no monsters in sight!

Vanquished Creatures
  An ooze (D:1)
  2 dart slugs (D:2)
  A leopard gecko (D:2)
  2 giant cockroaches (D:2)
  2 goblins
  2 hobgoblins
  A quokka (D:2)
  A ball python (D:1)
  A bat (D:1)
  A frilled lizard (D:2)
  2 kobolds (D:2)
  A rat (D:2)
17 creatures vanquished.

Notes
Turn   | Place    | Note
-------+----------+-------------------------------------------
     0 | D:1      | EnegeticOcto the Deep Dwarf Fighter began the quest for the
                  | Orb.
     0 | D:1      | Reached XP level 1. HP: 20/20 MP: 1/1
    95 | D:1      | Reached XP level 2. HP: 25/27 MP: 2/2
   166 | D:2      | Found a hazy altar of Hepliaklqana.
   250 | D:2      | Quit the game

Illustrated notes

Levels and vault maps discovered:
D:1:      dpeg_arrival_rooms_a, layout_rooms, minmay_misc_feat_nine_boxes,
          minmay_misc_feat_doors, corexii_item_surrounded_by_moat,
          grunt_decor_fettered
D:2:      layout_basic, old_standard_altar, minivault_25

Skill      XL: |  1  2 |
---------------+-------+-----
Axes           | 3 |  3.0
Fighting       | |  2.9
Armour         | |  3.5
Shields        | |  3.5

Action                   || total
-------------------------++-------
Melee: War axe           ||    41
Armor: Scale mail        ||    24
Dodge: Dodged            ||    14
Block: Kite shield       ||    33

Table legend: (Time is in decaauts)
 A = Elapsed time spent in this place.
 B = Non-inter-level travel time spent in this place.
 C = Inter-level travel time spent in this place.
 D = Time resting spent in this place.
 E = Time spent auto-exploring this place.
 F = Levels seen in this place.
 G = Mean time per level.
                   A        B        C        D        E       F      G
               +--------+--------+--------+--------+--------+-----+--------+
         Total |    268 |    262 |      6 |      0 |    167 |   2 |  134.0 |
       Dungeon |    268 |    262 |      6 |      0 |    167 |   2 |  134.0 |
               +--------+--------+--------+--------+--------+-----+--------+

Top non-repeatable levels by time:
     D:2: 159 daAuts
     D:1: 109 daAuts
